 Dungeon Crawl Stone Soup version 0.28.0-43-g3370ac3207 (webtiles) character file.

Game seed: 4331670777688695811

101 protoss039 the Digger (level 4, 0/24 HPs)
             Began as a Deep Elf Earth Elementalist on Mar 19, 2022.
             Killed by nerve-wracking pain
             ... invoked by Grinder
              (14 damage)
             ... on level 3 of the Dungeon.
             The game lasted 00:03:53 (3133 turns).

protoss039 the Digger (Deep Elf Earth Elementalist) Turns: 3133, Time: 00:03:54

Health: 0/24       AC:  2    Str:  5    XL:     4   Next: 48%
Magic:  6/11       EV: 13    Int: 22    God:
Gold:   36         SH:  0    Dex: 15    Spells: 0/10 levels left

rFire   . . .      SeeInvis .   k - +0 dagger (venom)
rCold   . . .      Faith    .   (no shield)
rNeg    . . .      Spirit   .   b - +0 robe
rPois   .          Reflect  .   (no helmet)
rElec   .          Harm     .   (no cloak)
rCorr   .          Rampage  .   (no gloves)
Will    .....                   (no boots)
Stlth   +++.......              (no amulet)
HPRegen 0.08/turn               (no ring)
MPRegen 0.12/turn               (no ring)

@: no status effects
A: no striking features
a: no special abilities


You were on level 3 of the Dungeon.
You visited 1 branch of the dungeon, and saw 3 of its levels.

You collected 94 gold pieces.
You spent 58 gold pieces at shops.

Inventory:

Hand Weapons
 k - a +0 dagger of venom (weapon)
 n - a +0 dagger of holy wrath
Missiles
 c - 37 stones
Armour
 b - a +0 robe (worn)
Wands
 m - a wand of acid (12)
Scrolls
 a - a scroll of fog {unknown}
 e - a scroll of fear {unknown}
 f - 4 scrolls of identify
 j - a scroll of magic mapping {unknown}
Potions
 d - a potion of degeneration {unknown}
 g - a potion of berserk rage {unknown}
 h - 4 potions of curing
 i - 2 potions of resistance {unknown}
 l - 2 potions of magic {unknown}
 o - a potion of cancellation {unknown}


   Skills:
 - Level 3.0 Dodging
 * Level 3.9 Stealth
 + Level 3.9 Spellcasting
 + Level 1.3 Transmutations
 + Level 4.3 Earth Magic


You couldn't memorise any spells.
You knew the following spells:

 Your Spells              Type           Power      Damage    Failure   Level
a - Sandblast             Erth           46%        2d11      1%          1
b - Passwall              Tmut/Erth      13%        N/A       5%          2
c - Stone Arrow           Conj/Erth      26%        3d8       14%         3
d - Petrify               Tmut/Erth      16%        N/A       34%         4

Your spell library contained the following spells:

 Spells                   Type           Power      Damage    Failure   Level


Dungeon Overview and Level Annotations

Branches:
Dungeon (3/15)

Altars:

Shops:
D:2 *(!!(

Annotations:
D:3 Grinder


Message History

The blast of sand hits Grinder!
Grinder is moderately wounded.
Unknown command.
Casting: Sandblast (safe; 1% risk of failure)
Confirm with . or Enter, or press ? or * to list all spells.
Aiming: Sandblast (safe; 1% risk of failure)
Press: ? - help, Shift-Dir - straight line, f/p - Grinder
Aim: Grinder (moderately wounded, 78% to hit)
The blast of sand hits Grinder.
Grinder is moderately wounded.
Unknown command.
Casting: Sandblast (safe; 1% risk of failure)
Confirm with . or Enter, or press ? or * to list all spells.
Aiming: Sandblast (safe; 1% risk of failure)
Press: ? - help, Shift-Dir - straight line, f/p - Grinder
Aim: Grinder (moderately wounded, 78% to hit)
The blast of sand hits Grinder.
Grinder is heavily wounded.
Grinder misses you.
Unknown command.
Casting: Sandblast (safe; 1% risk of failure)
Confirm with . or Enter, or press ? or * to list all spells.
Aiming: Sandblast (safe; 1% risk of failure)
Press: ? - help, Shift-Dir - straight line, f/p - Grinder
Aim: Grinder (heavily wounded, 78% to hit)
The blast of sand hits Grinder!
Grinder is severely wounded.
Grinder hits you.
You writhe in agony.
Unknown command.
Casting: Sandblast (safe; 1% risk of failure)
Confirm with . or Enter, or press ? or * to list all spells.
Aiming: Sandblast (safe; 1% risk of failure)
Press: ? - help, Shift-Dir - straight line, f/p - Grinder
Aim: Grinder (severely wounded, 78% to hit)
The blast of sand hits Grinder.
Grinder is almost dead.
Grinder gestures at you. Pain shoots through your body!
Ouch! That really hurt!
You die...

#.### #.# #...#
#.####### #[..#
#........
#...######.#######
#...#...##..##
#...#.<.##.<.#
#...#...######
...#+#'#...####
........@5......
..⌠...8...⌠...<.
................
#...#+#+#...####
#... .. ...# #.>
#.. .<.# #. #..
...# #. ####


You could see Grinder.

Vanquished Creatures
  A gnoll (D:1)
  3 adders
  A dart slug (D:1)
  4 ball pythons
  4 endoplasms (D:1)
  18 giant cockroaches
  3 goblins
  3 hobgoblins
  2 quokkas
  5 bats
  A frilled lizard (D:3)
  6 kobolds
  5 rats
56 creatures vanquished.

Notes
Turn   | Place    | Note
-------+----------+-------------------------------------------
     0 | D:1      | protoss039 the Deep Elf Earth Elementalist began the quest
                  | for the Orb.
     0 | D:1      | Reached XP level 1. HP: 10/10 MP: 6/6
   429 | D:1      | Reached XP level 2. HP: 15/15 MP: 6/8
   743 | D:1      | Reached skill level 4 in Earth Magic
   902 | D:1      | Found a faded altar of an unknown god.
   918 | D:1      | Reached XP level 3. HP: 19/19 MP: 10/10
  1643 | D:1      | Learned a level 2 spell: Passwall
  1647 | D:1      | Learned a level 3 spell: Stone Arrow
  1955 | D:2      | Found Kouscho's Weapon Shoppe.
  2146 | D:2      | Found Cuaxay's Distillery.
  2154 | D:2      | Bought a potion of curing for 36 gold pieces
  2588 | D:2      | Found Diaz's Distillery.
  2610 | D:2      | Reached XP level 4. HP: 24/24 MP: 11/11
  2646 | D:2      | Found Saicsa Demo's Weapon Emporium.
  2713 | D:2      | Found Puciur's General Store.
  2722 | D:2      | Bought a scroll of identify for 22 gold pieces
  2911 | D:2      | Learned a level 4 spell: Petrify
  3127 | D:3      | Noticed Grinder
  3133 | D:3      | Killed from afar by Grinder

Illustrated notes

Levels and vault maps discovered:
D:1:      minmay_arrival_checkered_box, layout_basic,
          shapermc_ecumenical_altar_ellora, chequers_serial_rivers_micro_d,
          minmay_heptomino_d4
D:2:      minmay_roachtagon, layout_loops_corners, serial_shops, shop_fountains,
          shop, nicolae_shop_stone, shop, shop, grunt_decor_arrowhead
D:3:      layout_loops_corners, serial_shops, nicolae_shop_hallway_plus,
          nicolae_elevator_lobby_plus, uniq_robin, uniq_grinder, uniq_terence

Skill      XL: |  1  2  3  4 |
---------------+-------------+-----
Earth Magic    | 4 |  4.3
Stealth        | 3 |  3.9
Dodging        | 3 |  3.0
Spellcasting   | |  3.9
Transmutations | |  1.3

Action                   |  1- 3 |  4- 6 || total
-------------------------+-------+-------++-------
Melee: Unarmed           |     7 |       ||     7
       Short sword       |    43 |       ||    43
       Punch             |     1 |       ||     1
       Dagger            |    51 |    18 ||    69
 Cast: Sandblast         |    22 |     7 ||    29
 Stab: Distracted        |     1 |       ||     1
       Sleeping          |    10 |     3 ||    13
Armor: Robe              |    31 |     1 ||    32
Dodge: Dodged            |    76 |    15 ||    91
